 Dungeon Sprint DCSS version 0.22.1-1-ga44c0e56f4 (webtiles) character file.

113 MuseOD the Covert (level 4, -6/25 HPs)
             Began as a Spriggan Enchanter on Sept 22, 2018.
             Was an Initiate of Dithmenos.
             Mangled by a hell hog (13 damage)
             ... in the Dungeon (Sprint II: "The Violet Keep of Menkaure").
             The game lasted 00:00:51 (81 turns).

MuseOD the Covert (Spriggan Enchanter)                Turns: 81, Time: 00:00:52

Health: -6/25      AC:  2    Str:  4    XL:     4   Next: 65%
Magic:  2/9        EV: 18    Int: 17    God:    Dithmenos [......]
Gold:   243        SH:  0    Dex: 16    Spells: 2/8 levels left

rFire    . . .     SeeInvis +   a - +1 dagger
rCold    . . .     Gourm    .   (shield restricted)
rNeg     . . .     Faith    .   b - +0 robe
rPois    .         Spirit   .   (helmet restricted)
rElec    .         Reflect  .   (no cloak)
rCorr    .         Harm     .   (gloves unavailable)
MR       .....     NoTele   +   (boots unavailable)
Stlth    ++++......             (no amulet)
HPRegen  0.08/turn              (no ring)
MPRegen  0.11/turn              (no ring)

@: very quick
A: very small, unfitting armour, see invisible, herbivore, speed 3, slow
metabolism 2
a: Renounce Religion


You were in the Dungeon.
You worshipped Dithmenos.
Dithmenos was noncommittal.
You were not hungry.

You visited 1 branch You collected 243 gold pieces.

Inventory:

Hand Weapons
 a - a +1 dagger (weapon)
Armour
 b - a +0 robe (worn)
Scrolls
 j - a scroll of blinking
Potions
 f - a potion of heal wounds
 g - a potion of haste
 h - 2 potions of magic
Comestibles
 d - a ration


   Skills:
 + Level 3.6 Fighting
 * Level 7.2 Short Blades
 - Level 3.0 Dodging
 + Level 8.5 Stealth
 - Level 2.6 Spellcasting
 - Level 3.6 Hexes


You had 2 spell levels left.
You knew the following spells:

 Your Spells              Type           Power        Failure   Level  Hunger
a - Corona                Hex            ##.....      4%          1    #......
b - Ensorcelled Hibernat  Hex/Ice        #.....       13%         2    ##.....
c - Confuse               Hex            ##......     12%         3    ###....

Your spell library contained the following spells:

 Spells                   Type           Power        Failure   Level  Hunger
 Tukima's Dance           Hex            ##......     12%         3    ###....
 Dazzling Spray           Conj/Hex       #.....       26%         3    ###....


Dungeon Overview and Level Annotations

Branches:
Dungeon (1/1)

Altars:
Cheibriados
Dithmenos
Elyvilon
Fedhas
Gozag
Hepliaklqana
Kikubaaqudgha
Makhleb
Nemelex Xobeh
Okawaru
Qazlal
Ru
Sif Muna
Trog
Uskayaw
Vehumet
Wu Jian
Xom
Yredelemnul
Zin
The Shining One
Beogh
Jiyva
Lugonu


Innate Abilities, Weirdness & Mutations

You are very small and have problems with some larger weapons.
You are too small for most types of armour.
You have supernaturally acute eyesight. (SInv)
You are a herbivore.
You cover ground extremely quickly.
You need to consume almost no food.


Message History

* * * LOW HITPOINT WARNING * * *
You open the door.
A hell hog comes into view.
Found a mace.
You are too injured to fight recklessly!
Unknown command.
A hell hog comes into view.
The hell hog squeals angrily.
Found 81 gold pieces.
There is an open door here.
Casting: Confuse (safe; 12% risk of failure)
Confirm with . or Enter, or press ? or * to list all spells.
Aiming: Ensorcelled Hibernation (safe; 13% risk of failure)
Press: ? - help, Shift-Dir - straight line, f - hell hog
Aim: a hell hog (chance to defeat MR: 23%)
The hell hog resists with almost no effort.
The hell hog squeals angrily.
The hell hog closely misses you. The hell hog bites you!
Ouch! That really hurt!
You die...

.. .. .. #. .#### +.### ...#
...# ###..#####..# ?%! #+#
#.##..#.h@..# ▓%($(!
##.###..#..#$h#..# ▓(!()%$
+.<.+†##'..####..### ▓))$!?$
##.###..#....###...##▓▓▓▓▓▓▓
#+# #.##†.....≈≈≈≈≈≈≈≈≈≈≈≈≈
###≈≈.....≈#'########+#
#≈≈≈≈≈≈§..≈#....._..#§§
#≈≈≈≈≈≈≈≈.≈#...._._.#§≈
#≈≈≈≈§≈≈≈≈≈≈#..._._._#§≈


You could see 2 hell hogs.

Vanquished Creatures
  A crocodile (D)
  4 worker ants (D)
5 creatures vanquished.

Vanquished Creatures (others)
  Menkaure (D)
1 creature vanquished.

Grand Total: 6 creatures vanquished

Notes
Turn   | Place    | Note
-------+----------+-------------------------------------------
     0 | D        | MuseOD the Spriggan Enchanter began the quest for the Orb.
     0 | D        | Reached XP level 1. HP: 9/9 MP: 5/5
     1 | D        | Noticed a worker ant
     1 | D        | Noticed a worker ant
     6 | D        | Killed a worker ant
     6 | D        | Reached skill level 6 in Stealth
     6 | D        | Reached XP level 2. HP: 12/15 MP: 6/6
    12 | D        | Reached skill level 5 in Short Blades
    12 | D        | Reached skill level 7 in Stealth
    12 | D        | Reached XP level 3. HP: 10/19 MP: 8/8
    17 | D        | Reached XP level 4. HP: 11/24 MP: 9/9
    19 | D        | Reached skill level 8 in Stealth
    31 | D        | HP: 1/24 [poisoned by a worker ant]
    36 | D        | Learned a level 2 spell: Ensorcelled Hibernation
    40 | D        | Learned a level 3 spell: Confuse
    42 | D        | Noticed Menkaure
    42 | D        | Noticed a crocodile
    45 | D        | Killed a crocodile
    52 | D        | Killed Menkaure
    59 | D        | Found a blossoming altar of Fedhas.
    60 | D        | Found a white marble altar of Elyvilon.
    61 | D        | Found a shadowy altar of Dithmenos.
    61 | D        | Found a corrupted altar of Lugonu.
    61 | D        | Found an opulent altar of Gozag.
    61 | D        | Found a burning altar of Makhleb.
    62 | D        | Found a snail-covered altar of Cheibriados.
    62 | D        | Found an ancient bone altar of Kikubaaqudgha.
    62 | D        | Found a bloodstained altar of Trog.
    63 | D        | Found a roughly hewn altar of Beogh.
    63 | D        | Found a viscous altar of Jiyva.
    63 | D        | Found a deep blue altar of Sif Muna.
    64 | D        | Found a hazy altar of Hepliaklqana.
    64 | D        | Found a sacrificial altar of Ru.
    65 | D        | Found a stormy altar of Qazlal.
    65 | D        | Found an ornate altar of the Wu Jian Council.
    65 | D        | Found a shimmering altar of Xom.
    67 | D        | Found a sparkling altar of Nemelex Xobeh.
    67 | D        | Found a hide-covered altar of Uskayaw.
    67 | D        | Found a basalt altar of Yredelemnul.
    67 | D        | Found a glowing golden altar of the Shining One.
    68 | D        | Found a radiant altar of Vehumet.
    68 | D        | Found an iron altar of Okawaru.
    68 | D        | Found a glowing silver altar of Zin.
    70 | D        | Noticed a crocodile
    71 | D        | Became a worshipper of Dithmenos the Shadowed
    79 | D        | Noticed a hell hog
    80 | D        | Noticed a hell hog
    81 | D        | Mangled by a hell hog

Skill      XL: |  1  2  3  4 |
---------------+-------------+-----
Fighting       | 2 3 |  3.6
Short Blades   | 4 5 6 7 |  7.2
Stealth        | 6 7 8 |  8.5
Dodging        | |  3.0
Spellcasting   | |  2.6
Hexes          | |  3.6

Action                   |  1- 3 |  4- 6 || total
-------------------------+-------+-------++-------
Melee: Dagger            |    13 |     5 ||    18
 Cast: Confuse           |       |     2 ||     2
       Ensorcelled Hiber |       |     2 ||     2
  Use: Potion            |     1 |     1 ||     2
 Stab: Sleeping          |       |     1 ||     1
Dodge: Dodged            |     4 |     2 ||     6
